[Event "Early-Titled-Tuesday-Blitz-March-05-2024"]
[Site "Chess.com"]
[Date "2024.03.05"]
[Round "7"]
[White "mortngabriel"]
[Black "David_George21"]
[Result "1-0"]
[WhiteElo "2536"]
[BlackElo "2421"]
[TimeControl "180+1"]
[EndTime "9:20:29 PST"]
[Termination "mortngabriel won by checkmate"]

1. e4 c5 2. Nf3 d6 3. d4 cxd4 4. Nxd4 Nf6 5. Nc3 Nc6 6. Bg5 e6 7. Qd2 a6 8. O-O-O h6 9. Bh4 Nxe4 10. Nxe4 Qxh4 11. f3 d5 12. Nxc6 bxc6 13. Nf2 Rb8 14. f4 Qf6 15. c3 h5 16. g3 a5 17. Nd3 Bd6 18. Re1 a4 19. Ne5 a3 20. b3 Rb6 21.
Bd3 c5 22. c4 d4 23. Rhf1 Bb7 24. Qe2 g6 25. h3 Kd8 26. g4 hxg4 27. hxg4 Kc7 28. g5 Qe7 29. Be4 Bxe5 30. fxe5 Qxg5+ 31. Kb1 Rh7 32. Bxb7 Kxb7 33. Rf3 Qg4 34. Rxf7+ Rxf7 35. Qxg4 Rc7 36. Qxg6 Rbc6 37. Qg2 Kb6 38. Qe4 Rd7 39. Rf1 Rc8 40. Rf6 Re8 41. Qg4 Rde7 42. Qg6 Kc7 43. Kc2 Kd7 44. Rf7 Kc7 45. Qxe6 Kd8 46.
Rxe7 Rxe7 47. Qd6+ Rd7 48. Qxc5 d3+ 49. Kd2 Rh7 50.
Qf8+ Kd7 51. Qf5+ Kc7 52. Qxh7+ Kb6 53. Qe4 Kc5 54. Qd4+ Kxd4 55. e6 Ke5 56. e7 Kf6 57.
e8=Q Kf5 58. Qe3 Kg4 59. Qxd3 Kf4 60. c5 Kg5 61. c6 Kf6 62. c7 Kg5 63. c8=Q Kf4 64.
Qcf5# 1-0

[Event "Early-Titled-Tuesday-Blitz-March-05-2024"]
[Site "Chess.com"]
[Date "2024.03.05"]
[Round "7"]
[White "KhazhatulyAlikhan"]
[Black "GoValya"]
[Result "1-0"]
[WhiteElo "2433"]
[BlackElo "2233"]
[TimeControl "180+1"]
[EndTime "9:20:29 PST"]
[Termination "KhazhatulyAlikhan won on time"]

1. e4 e6 2. d4 d5 3. Nd2 Nf6 4. e5 Nfd7 5. Bd3 c5 6. c3 Nc6 7. Ne2 cxd4 8. cxd4 f6 9. exf6 Nxf6 10. O-O Bd6 11.
Nf3 Qc7 12. h3 O-O 13. Be3 e5 14. dxe5 Nxe5 15. Nxe5 Bxe5 16. Nd4 Qf7 17. Qf3 Bd7 18. Rac1 Rac8 19. b3 a6 20. Rfd1 Qe7 21. Nf5 Bxf5 22. Qxf5 Rxc1 23. Rxc1 g6 24. Qf3 Bd6 25. Bh6 Re8 26.
g3 Ne4 27. Bf1 Bc5 28. Rc2 Qe6 29. h4 Qb6 30. Kg2 Qd6 31. Bd3 Qe6 32. Re2 Bf8 33. Bf4 Bg7 34. Qe3 Qf5 35. Qc1 Qf7 36. Qc2 Nf6 37. Rxe8+ Nxe8 38. Qc5 Nf6 39. Qc8+ Ne8 40.
Be2 Bf6 41. Bg4 Kg7 42. Be6 Qe7 43. Bd7 Nd6 44. Qc7 Ne8 45. Qxb7 Kf8 46. Qxd5 Kg7 47. Ba4 h5 48. Qc6 Kf7 49. b4 1-0

[Event "Early-Titled-Tuesday-Blitz-March-05-2024"]
[Site "Chess.com"]
[Date "2024.03.05"]
[Round "7"]
[White "GreenPeach24"]
[Black "ukchessbomber"]
[Result "0-1"]
[WhiteElo "2477"]
[BlackElo "2659"]
[TimeControl "180+1"]
[EndTime "9:20:32 PST"]
[Termination "ukchessbomber won by checkmate"]

1. d4 a5 2. e4 c6 3. Nf3 d6 4.
c4 g6 5. Nc3 Bg7 6. Be2 Na6 7.
Be3 e5 8. Qd2 Nf6 9. dxe5 Ng4 10. exd6 Nxe3 11. Qxe3 Qxd6 12. e5 Qc5 13. Qxc5 Nxc5 14.
O-O Ke7 15. Rad1 Bg4 16. Rfe1 Rhd8 17. h3 Be6 18. Bf1 h5 19. Nd4 h4 20. Nxe6 Kxe6 21. b3 Kf5 22. Be2 Bxe5 23. Nb1 Kf6 24. Rxd8 Rxd8 25. Rd1 Rxd1+ 26. Bxd1 Bd4 27. Bc2 Ke6 28. Kf1 f5 29. Ke2 g5 30. Nd2 Bf6 31. Nf1 Bd4 32. Ne3 Bxe3 33. Kxe3 Ke5 34. a3 Ne6 35. Bd1 Nd4 36. b4 axb4 37. axb4 b6 38. c5 bxc5 39. bxc5 Ne6 40. Bf3 f4+ 41. Kd2 Nd4 42. Bd1 Ke4 43. Kc3 f3 44. gxf3+ Nxf3 45. Kc4 Ne5+ 46. Kb4 Nf3 47.
Ka5 g4 48. hxg4 h3 49. g5 h2 50. Kb6 h1=Q 51. Bxf3+ Qxf3 52. g6 Kd5 53. g7 Qf7 54. f4 Qxg7 55. f5 Qb2+ 56. Kc7 Kxc5 57. Kd7 Qf6 58. Kc7 Qe7+ 59. Kb8 Kb6 60. Ka8 Qb7# 0-1

[Event "Early-Titled-Tuesday-Blitz-March-05-2024"]
[Site "Chess.com"]
[Date "2024.03.05"]
[Round "7"]
[White "FuenfgegenWilly"]
[Black "Lady_Nika"]
[Result "0-1"]
[WhiteElo "2441"]
[BlackElo "2570"]
[TimeControl "180+1"]
[EndTime "9:20:32 PST"]
[Termination "Lady_Nika won on time"]

1. e4 e6 2. d4 d5 3. exd5 exd5 4.
Nf3 Nf6 5. Bd3 Be7 6. h3 O-O 7. O-O c6 8. Bf4 Nbd7 9. Nbd2 Re8 10. c3 Nf8 11. Re1 Ng6 12. Bh2 Bd7 13. Qc2 Qb6 14. Ne5 Nf8 15. Ndf3 h6 16. Re2 c5 17. dxc5 Bxc5 18.
Rae1 Be6 19. b4 Bd6 20. Nd4 Rac8 21. Qb3 a6 22. Bb1 Qc7 23. Re3 Ne4 24. Nxe6 Rxe6 25. Bxe4 dxe4 26. Rxe4 Qxc3 27. Qxc3 Rxc3 28. Nf3 Bxh2+ 29.
Kxh2 Rxe4 30. Rxe4 Rc2 31. Re7 b5 32. Kg3 Rxa2 33.
Ne5 f6 34. Nc6 Ng6 35. Ra7 Ra3+ 36. f3 Ne5 37. Nxe5 fxe5 38. Kg4 g6 39. h4 Ra4 40.
Kg3 Rxb4 41. Rxa6 Kg7 42. Re6 e4 43. fxe4 Kf7 44. Rb6 Rb1 45. e5 b4 46. Kg4 b3 47.
h5 gxh5+ 48. Kxh5 b2 49. e6+ Ke7 50. Kg4 h5+ 51. Kg3 h4+ 52. Kg4 Kf6 53. e7+ Kxe7 54. Rb8 Kd7 55. Rb3 Kc7 56. Rb4 Kc6 57. g3 hxg3 58.
Rb3 g2 59. Rc3+ Kd5 60. Rd3+ Ke4 0-1

[Event "Early-Titled-Tuesday-Blitz-March-05-2024"]
[Site "Chess.com"]
[Date "2024.03.05"]
[Round "7"]
[White "PeshkaCh"]
[Black "wadsy27"]
[Result "0-1"]
[WhiteElo "2819"]
[BlackElo "2630"]
[TimeControl "180+1"]
[EndTime "9:20:33 PST"]
[Termination "wadsy27 won by checkmate"]

1. e4 c5 2. b3 Nc6 3. Bb2 e5 4. Bc4 d6 5. Ne2 Nf6 6. d3 a6 7. a4 Be7 8. O-O O-O 9. Nbc3 Be6 10. f4 Bxc4 11. bxc4 Nd4 12. Qd2 Ne8 13. Nd5 Nc7 14. Nxc7 Qxc7 15. Nc3 Qa5 16. Qf2 exf4 17. Nd5 Bg5 18.
Bxd4 cxd4 19. h4 Bh6 20. Qxd4 Qd8 21. Rf3 Qxh4 22. Rh3 Qg5 23. Rf1 Qe5 24. Qxe5 dxe5 25. Rb1 Rab8 26. Rb6 Bg5 27. Kf2 h6 28. Rh1 Bd8 29.
Rb3 f5 30. exf5 Rxf5 31. Kf3 h5 32. Rhb1 Rf7 33. c5 Rc8 34. Rxb7 Rxc5 35. c4 Bf6 36. Rb8+ Kh7 37. Rh1 Kg6 38. Rb6 Ra5 39. Nc3 Kg5 40. Ne4+ Kg6 41. g4 fxg3 42. Nxg3 Rxa4 43. Nxh5 Ra3 44.
Ke4 Rd7 45. Rh3 Rd4+ 46. Kf3 Rdxd3+ 47. Ke4 Rxh3 48. Nxf6 gxf6 49. c5 Rhe3+ 50. Kd5 Red3+ 51.
Ke6 Rac3 52. c6 e4 53. Ke7 e3 54. c7 Rxc7+ 55. Ke6 e2 56. Rb1 Re3+ 57. Kd6 e1=Q 58. Rc1 Qxc1 59. Kd5 Qd2# 0-1

[Event "Early-Titled-Tuesday-Blitz-March-05-2024"]
[Site "Chess.com"]
[Date "2024.03.05"]
[Round "7"]
[White "SaqoChess_Twitch"]
[Black "KuzubovYuriy"]
[Result "0-1"]
[WhiteElo "2586"]
[BlackElo "2956"]
[TimeControl "180+1"]
[EndTime "9:20:34 PST"]
[Termination "KuzubovYuriy won by checkmate"]

1. d4 g6 2. c4 Bg7 3. Nc3 d6 4. Nf3 Nc6 5. Bf4 Bg4 6. d5 Nb8 7. e3 Nf6 8. h3 Bd7 9. Be2 O-O 10.
O-O e5 11. dxe6 Bxe6 12. Qc2 Nc6 13. a3 a5 14. Rad1 Re8 15. Nd5 a4 16. Bg5 Nb8 17. e4 Nbd7 18. e5 Bxd5 19. exf6 Bxf3 20. Bxf3 Nc5 21.
Qc3 h6 22. Bh4 g5 23. fxg7 gxh4 24. Rfe1 Qg5 25. Rxe8+ Rxe8 26. Re1 Rxe1+ 27. Qxe1 Qe5 28. Qb4 c6 29. Bd1 Kxg7 30. Bxa4 Nxa4 31. Qxa4 Qe1+ 32. Kh2 Qxf2 33. Qb3 b6 34. Qc3+ f6 35. b4 c5 36. b5 Kf7 37. a4 Ke7 38. Kh1 Kd7 39. a5 Qf1+ 40. Kh2 Qf4+ 41. Kh1 bxa5 42. Qxa5 Qxc4 43.
Qa7+ Ke6 44. b6 Qf1+ 45. Kh2 Qf4+ 46. Kh1 Qf1+ 47. Kh2 Kf5 48. Qd7+ Ke5 49. Qe7+ Kd5 50.
b7 Qf4+ 51. Kh1 Qc1+ 52. Kh2 Qb2 53. Qf7+ Kc6 54. Qxf6 Qxf6 55. b8=Q Kd5 56. Qa8+ Ke5 57. Qa1+ Kf5 58. Qf1+ Kg5 59. Qc1+ Qf4+ 60. g3 hxg3+ 61. Kg2 Qxc1 62. h4+ Kg4 63. h5 Qd2+ 64. Kg1 Qf2+ 65. Kh1 Qh2# 0-1

[Event "Early-Titled-Tuesday-Blitz-March-05-2024"]
[Site "Chess.com"]
[Date "2024.03.05"]
[Round "7"]
[White "Preobrazhenska_D2011"]
[Black "karinachess1"]
[Result "0-1"]
[WhiteElo "2445"]
[BlackElo "2585"]
[TimeControl "180+1"]
[EndTime "9:20:34 PST"]
[Termination "karinachess1 won on time"]

1. e4 e5 2. Nf3 Nc6 3. Bb5 Nf6 4. d3 d6 5. c3 Bd7 6. O-O g6 7. Re1 Bg7 8. Ba4 O-O 9. d4 Qe8 10. d5 Ne7 11. Bc2 Kh8 12. c4 Nh5 13. Nc3 f5 14. h3 h6 15. exf5 gxf5 16. Bd2 e4 17. Nh2 Qg6 18. Kh1 Nf6 19. Bf4 Rae8 20. Qe2 Nh5 21.
Bd2 Be5 22. Nf1 Nf4 23. Bxf4 Bxf4 24. Ne3 Rg8 25. Rg1 Qf6 26. Raf1 Ng6 27. Qh5 Qg5 28. Qxg5 hxg5 29. Ne2 Be5 30. b3 Nh4 31. g3 Nf3 32. Rg2 f4 33. gxf4 Bxh3 34. Rh2 Nxh2 35. Kxh2 Bxf1 36.
Nxf1 gxf4 37. Kh1 e3 38. f3 Rg5 39. Nh2 Reg8 40. Ng4 Rxg4 41. fxg4 Rxg4 42. Bf5 Rg5 43. Be4 Kg7 44. Bf3 Kf7 45. Kh2 Ke7 46. Kh3 a6 47.
Kh4 Rg8 48. Kh3 b5 49. Bg4 bxc4 50. bxc4 Rb8 51. a3 Rb3 52. Kg2 Rxa3 53. Kf3 a5 54.
Bf5 a4 55. Bd3 Rxd3 56. Ke4 Rd2 57. Ng1 a3 58. Nf3 a2 0-1

[Event "Early-Titled-Tuesday-Blitz-March-05-2024"]
[Site "Chess.com"]
[Date "2024.03.05"]
[Round "7"]
[White "marik_spb"]
[Black "tylityli"]
[Result "1-0"]
[WhiteElo "2445"]
[BlackElo "2302"]
[TimeControl "180+1"]
[EndTime "9:20:34 PST"]
[Termination "marik_spb won on time"]

1. e4 e5 2. Nf3 Nc6 3. Bc4 Nf6 4. d3 Be7 5. O-O O-O 6. h3 d5 7. exd5 Nxd5 8. Re1 Nb6 9. Bb3 Bd6 10. Nc3 h6 11. Be3 Kh7 12. Ne4 f5 13. Nxd6 cxd6 14. Bxb6 Qxb6 15.
d4 e4 16. d5 exf3 17. dxc6 fxg2 18. Qxd6 Qd8 19. Qxd8 Rxd8 20. c7 Rd7 21. Re8 Rxc7 22. Rd1 b6 23. Rd6 Bb7 24. Bg8+ Kh8 25. Rxa8 Bxa8 26. Rd8 Be4 27. c3 g5 28. f3 Bb1 29.
Kxg2 Kg7 30. Bb3 f4 31. a4 Bg6 32. h4 Re7 33. hxg5 hxg5 34. Kf2 Kf6 35. Rd6+ Kg7 36. Bc4 Bf5 37. a5 bxa5 38. Rd5 Kf6 39. Rxa5 Rd7 40. Ke2 g4 41. fxg4 Bxg4+ 42. Ke1 f3 43.
Kf2 Rd2+ 44. Kg3 Rg2+ 45. Kf4 f2 46. Rxa7 Rg1 47. Ra6+ Ke7 48. Rg6 f1=Q+ 49. Bxf1 Rxf1+ 50. Kxg4 Rb1 51. Rb6 1-0

[Event "Early-Titled-Tuesday-Blitz-March-05-2024"]
[Site "Chess.com"]
[Date "2024.03.05"]
[Round "7"]
[White "ChessBliss09"]
[Black "Penafiel-Josselyne02"]
[Result "1-0"]
[WhiteElo "2196"]
[BlackElo "2048"]
[TimeControl "180+1"]
[EndTime "9:20:34 PST"]
[Termination "ChessBliss09 won by resignation"]

1. c4 Nf6 2. Nc3 g6 3. g3 Bg7 4.
Bg2 O-O 5. Nf3 d6 6. d4 Nbd7 7. O-O e5 8. dxe5 dxe5 9. e4 c6 10. b3 a5 11. Bb2 Qc7 12. Rc1 Re8 13. Ba3 Bf8 14. Bb2 Nc5 15. Qe2 Bg4 16. h3 Bxf3 17. Bxf3 Rad8 18. Rfd1 Ne6 19. Bg2 Nd4 20. Qe1 Bh6 21.
Rb1 Qc8 22. Ne2 Nxe2+ 23. Qxe2 Nd7 24. Qe1 b6 25. Bc1 Bg7 26. Be3 Qc7 27. Qc3 Nf8 28.
h4 Ne6 29. h5 Nd4 30. Bxd4 exd4 31. Qf3 Qe5 32. hxg6 hxg6 33. Rd3 c5 34. Re1 Bh6 35. Qg4 Kg7 36. f4 f5 37. Qxg6+ Kxg6 38. fxe5 Rxe5 39. exf5+ Kxf5 40. Bh3+ Kf6 41. Rf3+ Kg6 42. Rxe5 d3 43. Rd5 Rxd5 44. cxd5 d2 45. Rd3 Be3+ 46. Kg2 Kg5 47. Kf3 d1=Q+ 48. Rxd1 Bd4 49. d6 Bf6 50. d7 Bd8 51.
Rd6 b5 52. Rc6 Be7 53. Rc8 c4 54. bxc4 bxc4 55. d8=Q Bxd8 56. Rxd8 c3 57. Rc8 a4 58. Rxc3 a3 59. Rxa3 Kf6 60. Rb3 Ke7 61. a4 Kd6 62. a5 Ke5 63. a6 Kd6 64. a7 1-0

[Event "Early-Titled-Tuesday-Blitz-March-05-2024"]
[Site "Chess.com"]
[Date "2024.03.05"]
[Round "7"]
[White "wonderfultime"]
[Black "MagnusCarlsen"]
[Result "0-1"]
[WhiteElo "3040"]
[BlackElo "3278"]
[TimeControl "180+1"]
[EndTime "9:20:38 PST"]
[Termination "MagnusCarlsen won by resignation"]

1. d4 g6 2. e4 d6 3. Bc4 Nf6 4. Qe2 Nc6 5. c3 e5 6. dxe5 Nxe5 7. Bb3 Bg7 8. Nf3 Bg4 9. Bg5 O-O 10. Nbd2 Qe8 11.
Bxf6 Bxf6 12. h3 Nxf3+ 13. Nxf3 Bd7 14. O-O Qe7 15. Rfe1 Rfe8 16. Rad1 Rad8 17. Qe3 a5 18. a4 Bc6 19. Qf4 Kg7 20. Nd4 Bd7 21. Qf3 c6 22. Nc2 Bc8 23. Qg3 Qc7 24. Qf3 h5 25. Nd4 h4 26.
Bc4 Qe7 27. Nc2 Qe5 28. Bb3 Qc5 29. Qe3 Qxe3 30. Rxe3 Be5 31. Ree1 f5 32. exf5 gxf5 33. Ne3 d5 34. Nf1 Bf6 35. Nh2 Rxe1+ 36. Rxe1 d4 37. Rd1 dxc3 38. Rxd8 Bxd8 39. bxc3 b5 40. Nf3 Bf6 41.
Kf1 Bxc3 42. Nxh4 Kf6 43. Ke2 Ba6 44. Kd1 b4 45. g4 fxg4 46. hxg4 c5 47. f4 c4 48. g5+ Ke7 49. Bc2 b3 50. Be4 Bc8 51. Nf5+ Bxf5 52. Bxf5 Kd6 53. g6 Kc5 54. Be6 Kb4 55.
Kc1 Bf6 56. Bf5 c3 0-1

[Event "Early-Titled-Tuesday-Blitz-March-05-2024"]
[Site "Chess.com"]
[Date "2024.03.05"]
[Round "7"]
[White "Chernov_Mikhail"]
[Black "PositionalPanther"]
[Result "1/2-1/2"]
[WhiteElo "2393"]
[BlackElo "2606"]
[TimeControl "180+1"]
[EndTime "9:20:38 PST"]
[Termination "Game drawn - insufficient material"]

1. e4 e6 2. d4 d5 3. Nc3 Nf6 4. Bg5 dxe4 5. Nxe4 Be7 6. Bxf6 gxf6 7.
Nf3 f5 8. Nc3 a6 9. d5 c6 10. dxc6 Qxd1+ 11. Rxd1 Nxc6 12. g3 Bf6 13. Bg2 Bd7 14. O-O O-O-O 15. Na4 Kc7 16. Nc5 Bc8 17. c3 b6 18. Nb3 a5 19. Nbd4 Nxd4 20. cxd4 Bb7 21.
Ne5 Bxe5 22. dxe5 Bxg2 23. Kxg2 h5 24. h4 b5 25. Kf3 Kb6 26. Kf4 Rxd1 27. Rxd1 Rg8 28.
Rd7 Rg4+ 29. Kf3 Rg7 30. Rd8 Kc5 31. Rh8 Kd4 32. Rxh5 Kxe5 33. Rh8 f4 34. Rh5+ f5 35. gxf4+ Kd4 36. Rh6 Re7 37. Rh8 Rb7 38. h5 Kd3 39. Rc8 b4 40. Rc6 a4 41. Rxe6 Kc2 42. Re2+ Kb1 43. a3 b3 44. Kg3 Rc7 45. h6 Rh7 46.
Kh4 Rxh6+ 47. Kg5 Rc6 48. Kxf5 Rc2 49. Re4 Kxb2 50. Rxa4 Rxf2 51. Ke5 Re2+ 52. Kf6 Ka2 53. f5 Re3 54. Rb4 Kxa3 55. Rb8 b2 56. Rxb2 Kxb2 57.
Kg6 Kc3 58. f6 Rg3+ 59. Kh7 Rf3 60. Kg7 Kd4 61. f7 Rg3+ 62. Kh7 Rh3+ 63. Kg7 Rg3+ 64. Kh7 Rf3 65. Kg7 Ke5 66. f8=Q Rxf8 67. Kxf8 1/2-1/2

[Event "Early-Titled-Tuesday-Blitz-March-05-2024"]
[Site "Chess.com"]
[Date "2024.03.05"]
[Round "7"]
[White "volodja49"]
[Black "wild3000"]
[Result "1/2-1/2"]
[WhiteElo "2600"]
[BlackElo "2492"]
[TimeControl "180+1"]
[EndTime "9:20:40 PST"]
[Termination "Game drawn - insufficient material"]

1. d4 Nf6 2. c4 e6 3. Nc3 d5 4.
Bg5 Be7 5. cxd5 Nxd5 6. Bxe7 Nxe7 7. Rc1 O-O 8. Nf3 Nd7 9. e3 c5 10. Be2 cxd4 11. Nxd4 a6 12. O-O Nf6 13. Bf3 Rb8 14. Qb3 b5 15. Rfd1 Qb6 16. Qb4 Qa7 17. Qa5 Qb6 18. Qxb6 Rxb6 19. b4 Bb7 20. a3 Bxf3 21.
Nxf3 Ned5 22. Nxd5 Nxd5 23. Ne5 Ra8 24. e4 Nf6 25. f3 g5 26. Rc7 Rf8 27. Kf2 h5 28. Kg3 Kg7 29. h4 gxh4+ 30. Kxh4 a5 31. Rc6 Rxc6 32.
Nxc6 axb4 33. axb4 Rc8 34. Ne5 Rc2 35. g3 Rb2 36.
Rd4 Rh2+ 37. Kg5 Rg2 38. Kf4 Rb2 39. Nd3 Rb1 40. Nc5 Nh7 41. Rd7 Nf8 42. Rd4 Ng6+ 43. Ke3 e5 44. Rd7 Rxb4 45. Ne6+ Kf6 46. Nc5 Rc4 47. Nd3 Kg7 48. f4 exf4+ 49. gxf4 h4 50. f5 Nf8 51. Ra7 h3 52. Ra1 b4 53. Rg1+ Kf6 54.
Rh1 Nd7 55. Rxh3 b3 56. Rh2 Rc2 57. Rxc2 bxc2 58. Kd2 Ne5 59. Nc5 Ng4 60. Kxc2 Nf2 61. Kc3 Nxe4+ 62. Nxe4+ Kxf5 63. Kd4 Kf4 64. Nd6 f5 65. Kd5 Kg5 66. Ke5 Kg4 67. Nf7 Kf3 68. Nh6 Ke2 69. Nxf5 1/2-1/2

[Event "Early-Titled-Tuesday-Blitz-March-05-2024"]
[Site "Chess.com"]
[Date "2024.03.05"]
[Round "7"]
[White "alexrustemov"]
[Black "Pingah9"]
[Result "1-0"]
[WhiteElo "2809"]
[BlackElo "2592"]
[TimeControl "180+1"]
[EndTime "9:20:41 PST"]
[Termination "alexrustemov won on time"]

1. d4 g6 2. c4 Bg7 3. Nf3 f5 4. Nc3 Nf6 5. g3 d6 6. Bg2 O-O 7. O-O Nc6 8. d5 Ne5 9. Nxe5 dxe5 10. Qb3 Kh8 11. Rd1 h6 12. c5 g5 13. Bd2 f4 14.
Be1 Rb8 15. Rac1 Bf5 16. Qc4 a6 17. b4 Qe8 18. Ne4 Bxe4 19. Bxe4 Qh5 20. Bf3 Qh3 21. Bc3 Ng4 22. Bxg4 Qxg4 23. Qe4 Qf5 24. Qxf5 Rxf5 25. g4 Rf7 26. f3 Rd8 27. Kf2 Kh7 28. e4 fxe3+ 29.
Kxe3 Rf4 30. a3 Kg6 31. h3 Rdf8 32. Rf1 Rc4 33. Bb2 Rcf4 34. Rc2 e4 35. Bxg7 Kxg7 36.
Rcf2 exf3 37. Rxf3 Rxf3+ 38. Rxf3 Ra8 39. Ke4 a5 40. b5 a4 41. Kd4 Ra5 42. Kc4 Ra8 43.
Kb4 Kg6 44. Re3 Kf6 45. Re6+ Kf7 46. Rxh6 Rd8 47. Kc4 Rb8 48. b6 cxb6 49. Rxb6 Rh8 50. Rxb7 Rxh3 51. d6 Rxa3 52. Rxe7+ Kf6 53. c6 Ra1 54. c7 a3 55. Kd5 Rc1 56. Re2 Rc3 57. d7 1-0

[Event "Early-Titled-Tuesday-Blitz-March-05-2024"]
[Site "Chess.com"]
[Date "2024.03.05"]
[Round "7"]
[White "IvanSoriano1"]
[Black "francyIM"]
[Result "0-1"]
[WhiteElo "2585"]
[BlackElo "2775"]
[TimeControl "180+1"]
[EndTime "9:20:42 PST"]
[Termination "francyIM won by resignation"]

1. d4 Nf6 2. c4 g6 3. Nc3 Bg7 4. e4 d6 5. Nf3 O-O 6. Be2 e5 7. O-O Na6 8. Re1 exd4 9. Nxd4 Re8 10. Bf1 Nc5 11. f3 a5 12. Bg5 c6 13. Kh1 Qb6 14. Rb1 h6 15. Be3 Bd7 16. Qd2 Kh7 17.
Nc2 Bf8 18. Bd4 Nh5 19. Qf2 Qd8 20. Red1 b6 21. Be3 Qf6 22. g3 Be6 23. Nd4 Bd7 24. Kg1 Qe7 25. Re1 Ng7 26. Rbd1 Nge6 27. Nc2 Qf6 28. Bc1 Bc8 29. Bg2 Ba6 30. Bf1 Ng5 31.
Nd4 Nce6 32. Kg2 Nxd4 33. Bxg5 hxg5 34. Qxd4 Qxd4 35. Rxd4 Re6 36. Red1 Rd8 37. Na4 Rb8 38. Nc3 Kg8 39. Kf2 Re5 40. Be2 Rbe8 41. Kf1 Bc8 42. Na4 b5 43. cxb5 cxb5 44. Nb6 Be6 45. Nd5 Rb8 46.
Nf6+ Kg7 47. Nd5 f5 48. Bd3 fxe4 49. Bxe4 Rc8 50. Ke2 Bf5 51. Kf2 Bxe4 52. fxe4 Rc2+ 53. R1d2 Rxd2+ 54. Rxd2 Rxe4 55. Nc3 Re5 56. Rd5 Rxd5 57. Nxd5 Kf7 58. Ke3 Bg7 59. b3 b4 60. Ke4 Ke6 61.
Nc7+ Kd7 62. Nd5 Kc6 63. Ne7+ Kc5 64. Nxg6 d5+ 65. Kd3 Kd6 66. h4 g4 67. h5 Ke6 68.
Nf4+ Ke5 69. Ke3 Bh6 70. Kd3 Bxf4 71. gxf4+ Kf5 72. Ke3 Kf6 73. Kd3 g3 74. Ke3 d4+ 75. Kf3 d3 0-1

[Event "Early-Titled-Tuesday-Blitz-March-05-2024"]
[Site "Chess.com"]
[Date "2024.03.05"]
[Round "7"]
[White "Binary010"]
[Black "SharapovEvgeny"]
[Result "1-0"]
[WhiteElo "2817"]
[BlackElo "2545"]
[TimeControl "180+1"]
[EndTime "9:20:44 PST"]
[Termination "Binary010 won on time"]

1. e4 c5 2. Nf3 d6 3. d4 cxd4 4. Nxd4 Nf6 5. Nc3 Nc6 6. Bg5 e6 7. Qd2 Be7 8. O-O-O O-O 9. h4 Nxd4 10. Qxd4 Qa5 11. Kb1 Rd8 12. f3 Bd7 13. Qd2 Bc6 14. Nd5 Qxd2 15. Nxe7+ Kf8 16. Ng6+ hxg6 17. Rxd2 Ke7 18.
Be2 e5 19. c4 b6 20. b4 Rac8 21.
Kb2 Ke6 22. Rhd1 Bb7 23. Kb3 Rd7 24. g3 Rcc7 25. Bf1 Ke7 26. a4 Rd8 27. Be3 Nh5 28. Bf2 f5 29. c5 bxc5 30. bxc5 Rcc8 31. cxd6+ Kf6 32. d7 Rb8 33. Bxa7 Bd5+ 34. Kc3 Rb3+ 35. Kc2 Rb7 36. Rxd5 Rxa7 37. Rd6+ Ke7 38. Rxg6 fxe4 39. fxe4 Rdxd7 40. Rxd7+ Rxd7 41. Rg5 g6 42. Rxg6 Rd4 43.
Rg5 Nf6 44. Rxe5+ Kd6 45. Rg5 Nxe4 46. Rg6+ Kc5 47. a5 Ra4 48. a6 Kd4 49. h5 Ra2+ 50. Kb3 Ra5 51. Kb4 Ra1 52. Bb5 Rb1+ 53. Ka5 Ra1+ 54.
Kb6 Nc3 55. Bc6 Rb1+ 56. Kc7 Ra1 57. Bb7 Nb5+ 58. Kb6 Nc3 59. h6 Nd5+ 60. Bxd5 Kxd5 61. a7 Rb1+ 62. Kc7 Rc1+ 63. Kb7 Rb1+ 64. Rb6 Ra1 65. a8=Q 1-0

[Event "Early-Titled-Tuesday-Blitz-March-05-2024"]
[Site "Chess.com"]
[Date "2024.03.05"]
[Round "7"]
[White "Actuary44"]
[Black "sokidze"]
[Result "0-1"]
[WhiteElo "2543"]
[BlackElo "2778"]
[TimeControl "180+1"]
[EndTime "9:20:48 PST"]
[Termination "sokidze won by resignation"]

1. e4 e5 2. d4 exd4 3. c3 d5 4. exd5 Qxd5 5. cxd4 Nc6 6. Nf3 Nf6 7. Be2 Bb4+ 8. Nc3 O-O 9. O-O Qd8 10. Bg5 h6 11. Bh4 Be7 12. h3 Nh5 13. Bxe7 Nxe7 14. Ne5 Nf4 15. Bf3 c6 16. Qd2 Ned5 17. Nxd5 Nxd5 18.
Rfe1 Be6 19. Bxd5 Qxd5 20. b3 Rfd8 21. Rad1 Qb5 22. Qf4 Qb4 23. Re3 Rf8 24. Rg3 Kh8 25.
Ng4 Bxg4 26. Qxg4 Rg8 27. Qf5 Qe7 28. Rdd3 Rad8 29. Rde3 Qd7 30. Qf4 Rge8 31. Ref3 f6 32. Rg6 Qxd4 33. Rxh6+ Kg8 34. Qg3 Re1+ 35. Kh2 Qa1 36. Qg4 Rh1+ 37. Kg3 Qe5+ 38. Rf4 Qg5 39. Rg6 Qxg4+ 40. Rfxg4 Rd7 41. Rxf6 Rhd1 42. Rff4 R1d2 43. a4 R2d3+ 44. Rf3 Rxf3+ 45. Kxf3 Rd3+ 46. Ke2 Rxb3 47. Rd4 b5 48. axb5 cxb5 49. f4 a5 50. g4 a4 51. Kd2 a3 52. Kc2 Rb2+ 53. Kc1 b4 54. f5 Kf7 55. g5 Rb3 56. Rd7+ Ke8 57. Kc2 Rc3+ 58. Kd2 Kxd7 59. f6 gxf6 60. g6 Ke7 61. g7 Kf7 62. h4 Kxg7 63. h5 Kh6 0-1

[Event "Early-Titled-Tuesday-Blitz-March-05-2024"]
[Site "Chess.com"]
[Date "2024.03.05"]
[Round "7"]
[White "Mesa_1"]
[Black "maximnovik"]
[Result "1-0"]
[WhiteElo "2499"]
[BlackElo "2585"]
[TimeControl "180+1"]
[EndTime "9:20:49 PST"]
[Termination "Mesa_1 won by resignation"]

1. e4 c6 2. Nf3 d5 3. d3 Nd7 4.
exd5 cxd5 5. c4 Ngf6 6. Nc3 g6 7.
g3 Bg7 8. Bg2 O-O 9. O-O dxc4 10.
dxc4 Nb6 11. Qe2 Be6 12. Rd1 Qc8 13. b3 Ne4 14. Nxe4 Bxa1 15. Ba3 Bg7 16. Bxe7 Re8 17.
Nd6 Qc7 18. Nxe8 Rxe8 19. Bd6 Qc8 20. Qd2 Rd8 21. c5 Bf8 22. Ng5 Bg4 23. Qf4 Qf5 24. Qxf5 gxf5 25. Rd4 Nc8 26. Be5 Re8 27. Rd5 f6 28. h3 Rxe5 29. Rxe5 fxe5 30. hxg4 Bxc5 31. Bxb7 Nd6 32. Bd5+ Kh8 33. Ne6 Ba3 34. gxf5 Nxf5 35. Kg2 Ne7 36. Be4 Kg8 37. Nc7 h6 38. Nb5 Bc5 39.
a3 a6 40. b4 Bxb4 41. axb4 axb5 42. Bd3 Nc6 43. Bxb5 Nxb4 44. Bc4+ Kg7 45. Kf3 Kf6 46.
Ke4 Nc6 47. f3 Ne7 48. Bd3 Nf5 49. g4 Nd6+ 50. Ke3 Nf7 51. Kf2 Ng5 52. Kg3 Ne6 53. Be4 Nf4 54. Bc2 Ng6 55. Bxg6 Kxg6 56. Kh4 Kf6 57.
Kh5 Kg7 58. g5 hxg5 59. Kxg5 Kf7 60. Kf5 e4 61. fxe4 Ke7 62. Ke5 Kd7 63. Kf6 Ke8 64.
Ke6 Kd8 65. Kf7 Kd7 66. e5 Kc6 67. e6 Kd5 68. e7 1-0

[Event "Early-Titled-Tuesday-Blitz-March-05-2024"]
[Site "Chess.com"]
[Date "2024.03.05"]
[Round "7"]
[White "bylavochka"]
[Black "Quattroporte300"]
[Result "1-0"]
[WhiteElo "2325"]
[BlackElo "2438"]
[TimeControl "180+1"]
[EndTime "9:20:50 PST"]
[Termination "bylavochka won by checkmate"]

1. e4 c5 2. Nf3 d6 3. d4 cxd4 4. Nxd4 Nf6 5. Nc3 a6 6. f3 e5 7. Nb3 Be7 8. Be3 Be6 9. Qd2 h5 10. O-O-O Nbd7 11. Qf2 b5 12. Kb1 Rc8 13. g3 Qc7 14. h4 Nb6 15. Bxb6 Qb8 16. Be3 g6 17. Bh3 O-O 18. Bxe6 fxe6 19. Qe2 Qb7 20. Bg5 b4 21. Na4 Qc6 22. g4 Qxa4 23. gxh5 gxh5 24. Rhg1 Kh7 25.
f4 Qe8 26. fxe5 dxe5 27. Bxf6 Rxf6 28. Rd7 Rh6 29. Qg2 Qf7 30. Ra7 Rf6 31. Nd2 Rf8 32.
b3 Kh8 33. Qg5 Rf1+ 34. Rxf1 Qxf1+ 35. Nxf1 Rxf1+ 36. Qc1 Rxc1+ 37. Kxc1 Bxh4 38. Rxa6 Kg7 39. Rxe6 Bf6 40. Kd1 Kf7 41. Rc6 h4 42. Ke2 h3 43.
Kf3 Bh4 44. Rh6 Be1 45. Rxh3 Ke6 46. Rh1 Bc3 47. Rd1 Bd4 48. Ke2 Kd6 49. Kd3 Kc5 50. Rf1 Bb2 51. Rf7 Kc6 52. Kc4 Bc3 53. Rf6+ Kd7 54.
Kd5 Ke7 55. Re6+ Kd7 56. Rxe5 Kc7 57. Re6 Kd7 58. Rc6 Bb2 59. Rc4 Bc3 60. Rxc3 bxc3 61. a4 Kc7 62. e5 Kb6 63. e6 Ka5 64. e7 Kb4 65. e8=Q Ka3 66. Qe5 Kb2 67. Kc4 Kxc2 68. Qxc3+ Kb1 69. Qd2 Ka1 70. Kc3 Kb1 71. Qb2# 1-0

[Event "Early-Titled-Tuesday-Blitz-March-05-2024"]
[Site "Chess.com"]
[Date "2024.03.05"]
[Round "7"]
[White "Kotlyar_K"]
[Black "tandaleo"]
[Result "1-0"]
[WhiteElo "2596"]
[BlackElo "2469"]
[TimeControl "180+1"]
[EndTime "9:20:51 PST"]
[Termination "Kotlyar_K won by checkmate"]

1. d4 Nf6 2. c4 g6 3. g3 Bg7 4. Bg2 O-O 5. Nc3 d6 6. Nf3 Nbd7 7. O-O e5 8. e4 c6 9. Be3 Ng4 10. Bg5 Qb6 11. h3 exd4 12. Na4 Nxf2 13. Nxb6 Nxd1 14. Nxd7 Bxd7 15. Raxd1 c5 16. Be7 Rfe8 17. Bxd6 b6 18. Rde1 Rad8 19. e5 Bc6 20. Ng5 Bxg2 21. Kxg2 Rd7 22.
Ne4 Re6 23. Ng5 Re8 24. g4 h6 25.
Ne4 Re6 26. Nf2 Bh8 27. Nd3 Bg7 28. Nf4 Re8 29. Kf3 g5 30. Nh5 Bh8 31. Ng3 f6 32. Nf5 fxe5 33. Ke4 Re6 34. Kd5 Rg6 35. Ne7+ Rxe7 36.
Bxe7 d3 37. Rf8+ Kh7 38. Ref1 d2 39. R8f7+ Bg7 40. Bf8 e4 41. Kxe4 Re6+ 42. Kd3 Re1 43. Rxg7+ Kh8 44. Rd7 d1=Q+ 45. Kc3 Qc1+ 46. Kb3 Re3+ 47.
Ka4 Qc2+ 48. b3 Qxa2+ 49. Kb5 Qa5+ 50. Kc6 Re6+ 51. Bd6 Rxd6+ 52. Rxd6 Qc3 53. Rf8+ Kg7 54. Rfd8 Qf3+ 55. Rd5 Qxb3 56. R8d7+ Kf6 57. R5d6+ Ke5 58. Re7+ Kf4 59. Rf6+ Kg3 60. Rd6 Qxc4 61. Rde6 Qa4+ 62. Kb7 c4 63. Re3+ Kf4 64. R7e4# 1-0